 Dungeon Crawl Stone Soup version 0.24-a0-285-g3c078ff (webtiles) character file.

Game seed: 14307333442612148451

11226 nikopol the Thaumaturge (level 11, -21/57 HPs)
             Began as a Deep Elf Fire Elementalist on May 7, 2019.
             Was a Priest of Vehumet.
             Demolished by Snorg (26 damage)
             ... on level 11 of the Dungeon.
             The game lasted 00:38:21 (13646 turns).

nikopol the Thaumaturge (DEFE)                     Turns: 13646, Time: 00:38:23

Health: -21/57     AC:  7    Str:  5    XL:     11   Next: 46%
Magic:  1/30       EV: 18    Int: 24    God:    Vehumet [***...]
Gold:   632        SH:  3    Dex: 15    Spells: 22/37 levels left

rFire    + . .     SeeInvis .   A - +9 flail of Doblureg {crush, rPois}
rCold    . . .     Gourm    .   (no shield)
rNeg     . . .     Faith    .   a - +0 robe
rPois    +         Spirit   .   x - +2 helmet
rElec    .         Reflect  +   (no cloak)
rCorr    .         Harm     .   f - +1 pair of gloves
MR       +....                  (no boots)
Stlth    +++.......             s - +3 amulet of reflection
HPRegen  0.19/turn              d - ring of protection from fire
MPRegen  0.22/turn              o - +3 ring of evasion

@: no status effects
A: no striking features
a: Renounce Religion


You were on level 11 of the Dungeon.
You worshipped Vehumet.
Vehumet was most pleased with you.
You were very hungry.

You visited 2 branches of the dungeon, and saw 12 of its levels.
You also visited: Ossuary.

You collected 632 gold pieces.

Inventory:

Hand Weapons
 A - the +9 flail of Doblureg (weapon) {crush, rPois}
   (You found it on level 6 of the Dungeon)

   It inflicts extra damage upon your enemies.
   It protects you from poison.
Armour
 a - a +0 robe (worn)
 f - a +1 pair of gloves (worn)
 x - a +2 helmet (worn)
Jewellery
 d - a ring of protection from fire (left hand)
 o - a +3 ring of evasion (right hand)
 s - a +3 amulet of reflection (around neck)
 z - an uncursed ring of protection from fire
 H - an uncursed ring of wizardry {unknown}
Wands
 m - a wand of flame (24)
 t - a wand of scattershot (2)
 y - a wand of random effects (45)
 C - a wand of polymorph (5)
 E - a wand of acid (7)
Scrolls
 b - 3 scrolls of enchant armour
 g - 7 scrolls of teleportation
 h - 11 scrolls of remove curse
 l - a scroll of random uselessness
 n - 3 scrolls of enchant weapon
 v - a scroll of noise {unknown}
 F - a scroll of identify
 G - a scroll of summoning {unknown}
Potions
 e - 4 potions of curing
 i - a potion of lignification
 j - a potion of brilliance {unknown}
 k - 4 potions of mutation
 p - 2 potions of agility
 q - 3 potions of flight
 r - a potion of resistance {unknown}
 u - 2 potions of ambrosia
 w - 5 potions of heal wounds
 B - 3 potions of might
 D - 5 potions of haste
Comestibles
 c - 24 rations


   Skills:
 + Level 2.2 Fighting
 + Level 5.7 Dodging
 + Level 5.2 Stealth
 + Level 13.5 Spellcasting
 + Level 10.1 Conjurations
 + Level 11.3 Fire Magic


You had 22 spell levels left.
You knew the following spells:

 Your Spells              Type           Power        Failure   Level  Hunger
a - Flame Tongue          Conj/Fire      #####        1%          1    None
b - Throw Flame           Conj/Fire      ######       1%          2    None
c - Conjure Flame         Conj/Fire      ######..     1%          3    None
d - Sticky Flame          Conj/Fire      ######..     1%          4    None
e - Fireball              Conj/Fire      ######....   1%          5    ###....

Your spell library contained the following spells:

 Spells                   Type           Power        Failure   Level  Hunger
 Mephitic Cloud           Conj/Pois/Air  ####....     1%          3    None
 Inner Flame              Hex/Fire       #####...     1%          3    None
 Confusing Touch          Hex            ###...       3%          1    None
 Summon Small Mammal      Summ           ###.         3%          1    None
 Call Imp                 Summ           ###.....     5%          2    None
 Call Canine Familiar     Summ           ###.....     11%         3    None
 Confuse                  Hex            ###.....     11%         3    None
 Gell's Gravitas          Tloc           ###.......   11%         3    None
 Summon Guardian Golem    Hex/Summ       ###.....     11%         3    None
 Yara's Violent Unravell  Hex/Tmut       ###.......   26%         5    ###....
 Petrify                  Tmut/Erth      ###.....     36%         4    None
 Summon Ice Beast         Ice/Summ       ###.....     36%         4    None
 Summon Lightning Spire   Summ/Air       ###.....     36%         4    None
 Metabolic Englaciation   Hex/Ice        ###.......   71%         5    ###....


Dungeon Overview and Level Annotations

Branches:
Dungeon (11/15)            Temple (1/1) D:7             Orc (0/2) D:11
   Lair: D:8-11

Altars:
Ashenzari
Cheibriados
Dithmenos
Elyvilon
Fedhas
Gozag
Hepliaklqana
Kikubaaqudgha
Makhleb
Nemelex Xobeh
Okawaru
Qazlal
Ru
Sif Muna
Trog
Uskayaw
Vehumet
Wu Jian
Xom
Yredelemnul
Zin
The Shining One
Jiyva

Annotations:
D:8 3 runed translucent doors, DavidChitty2's ghost, novice HOFi
D:11 Snorg


Message History

Snorg is heavily wounded.
Casting: Fireball (safe; 1% risk of failure)
Confirm with . or Enter, or press ? or * to list all spells.
Aiming: Fireball (safe; 1% risk of failure)
Press: ? - help, Shift-Dir - straight line, f/p - Snorg
Aim: Snorg (heavily wounded)
The fireball explodes!
The fireball engulfs Snorg!
Snorg is severely wounded.
Casting: Fireball (safe; 1% risk of failure)
Confirm with . or Enter, or press ? or * to list all spells.
Aiming: Fireball (safe; 1% risk of failure)
Press: ? - help, Shift-Dir - straight line, f/p - Snorg
Aim: Snorg (severely wounded)
The fireball explodes!
The fireball engulfs Snorg!
Snorg is almost dead.
Snorg goes berserk!
Snorg bites you! Snorg claws you!! Snorg claws you!
* * * LOW HITPOINT WARNING * * *
Snorg bites you!!
You die...

#.# #.# #.# #.# #.# #.#
#.# #####.####
#.....T@.# ##......#.#
####...#####.# ##
#....8....##.# .#
#.........##.#####.#
#.........##.#.....#
##.........##.#.#...#.#
..................<>..#
............###.#######


You could see Snorg (berserk).

Vanquished Creatures
  A two-headed ogre (D:9)
  Urug (D:10)
  Pikel (D:5)
  A cyclops (D:8)
  Maurice (D:8)
  6 hornets
  Prince Ribbit (D:5)
  3 hippogriffs (D:9)
  A wyvern (D:7)
  A wraith (D:10)
  Eustachio (D:4)
  A vampire (D:9)
  A hungry ghost (D:11)
  4 yaks (D:10)
  2 basilisks (D:11)
  Edmund (D:5)
  A porcupine (D:11)
  An orc warrior (D:8)
  4 sky beasts
  2 ice beasts (D:8)
  A phantom (D:5)
  A necrophage (D:9)
  5 ogres
  12 centaurs
  The ghost of adept the Insei, an amateur OpBe of Trog (D:3)
  2 big kobolds
  8 bullfrogs
  2 scorpions
  3 troll zombies (D:11)
  3 wights (D:8)
  6 howler monkeys
  4 centaur zombies (Ossuary)
  2 crimson imps
  5 hounds
  A quasit (D:8)
  A bullfrog zombie (D:9)
  A bullfrog skeleton (D:7)
  2 jellies
  An orc priest (D:7)
  5 orc wizards
  A centaur skeleton (D:7)
  4 iguanas
  11 worker ants
  Natasha (thrice) (D:2)
  A big kobold zombie (Ossuary)
  4 ogre zombies
  8 mummies
  A gnoll (D:3)
  A howler monkey skeleton (D:8)
  17 adders
  5 shadow imps
  An adder zombie (Ossuary)
  3 adder skeletons
  2 worms
  5 dart slugs
  7 leopard geckos
  27 orcs
  6 giant cockroaches
  A gnoll zombie (Ossuary)
  15 goblins
  7 hobgoblins
  13 jackals
  18 kobolds
  7 quokkas
  2 ball pythons
  5 bats
  8 frilled lizards
  2 goblin skeletons (D:11)
  6 goblin zombies
  2 hobgoblin skeletons (D:11)
  4 hobgoblin zombies (Ossuary)
  A jackal skeleton (D:4)
  4 kobold zombies (Ossuary)
  2 leopard gecko skeletons
  An orc skeleton (D:11)
  12 orc zombies (D:11)
  2 quokka skeletons
  3 quokka zombies (Ossuary)
  12 rats
  6 rat zombies (Ossuary)
341 creatures vanquished.

Vanquished Creatures (others)
  A bush (D:11)
  A fungus (D:11)
  23 plants (D:11)
25 creatures vanquished.

Grand Total: 366 creatures vanquished

Notes
Turn   | Place    | Note
-------+----------+-------------------------------------------
     0 | D:1      | nikopol the Deep Elf Fire Elementalist began the quest for
                  | the Orb.
     0 | D:1      | Reached XP level 1. HP: 10/10 MP: 6/6
   239 | D:1      | Reached XP level 2. HP: 15/15 MP: 1/8
  1029 | D:2      | Reached XP level 3. HP: 19/19 MP: 7/10
  1095 | D:2      | Reached skill level 4 in Spellcasting
  1219 | D:2      | Learned a level 2 spell: Throw Flame
  1223 | D:2      | Learned a level 3 spell: Conjure Flame
  1246 | D:2      | Found a basalt altar of Yredelemnul.
  1259 | D:2      | Found a glowing silver altar of Zin.
  1265 | D:2      | Reached XP level 4. HP: 24/24 MP: 9/12
  1465 | D:2      | Noticed Natasha
  1472 | D:2      | Killed Natasha
  1566 | D:2      | Found an opulent altar of Gozag.
  1567 | D:2      | Found a bloodstained altar of Trog.
  1569 | D:2      | Found a blossoming altar of Fedhas.
  1578 | D:2      | Reached XP level 5. HP: 28/28 MP: 10/13
  1584 | D:2      | Learned a level 4 spell: Sticky Flame
  1600 | D:2      | Found an ornate altar of the Wu Jian Council.
  1796 | D:2      | Noticed Natasha
  1802 | D:2      | Killed Natasha
  1844 | D:2      | Reached skill level 5 in Fire Magic
  1934 | D:2      | Noticed Natasha
  1941 | D:2      | Killed Natasha
  2068 | D:2      | Found a faded altar of an unknown god.
  2324 | D:3      | Found a runed translucent door.
  2325 | D:3      | Noticed adept's ghost (amateur OpBe)
  2483 | D:3      | Reached XP level 6. HP: 33/33 MP: 13/15
  2767 | D:3      | Reached skill level 5 in Spellcasting
  3270 | D:3      | Killed adept's ghost
  3625 | D:4      | Learned a level 5 spell: Fireball
  3714 | D:4      | Noticed Eustachio
  3747 | D:4      | Killed Eustachio
  3747 | D:4      | Reached skill level 1 in Fighting
  3747 | D:4      | Reached XP level 7. HP: 33/38 MP: 6/17
  3941 | D:4      | Reached skill level 6 in Spellcasting
  4307 | D:5      | Entered Level 5 of the Dungeon
  4353 | D:5      | Found an ancient bone altar of Kikubaaqudgha.
  4623 | D:5      | Noticed Pikel
  5065 | D:5      | Reached skill level 7 in Spellcasting
  5268 | D:5      | Noticed Prince Ribbit
  5274 | D:5      | Killed Prince Ribbit
  5274 | D:5      | Reached XP level 8. HP: 33/43 MP: 13/21
  5393 | D:5      | Found a snail-covered altar of Cheibriados.
  5507 | D:5      | Noticed Edmund
  5531 | D:5      | Killed Edmund
  5531 | D:5      | Reached skill level 8 in Spellcasting
  5531 | D:5      | Reached skill level 5 in Conjurations
  5944 | D:5      | Killed Pikel
  6155 | D:6      | Reached skill level 9 in Spellcasting
  6369 | D:6      | Reached XP level 9. HP: 47/47 MP: 13/24
  6440 | D:6      | Got an iridescent flail
  6441 | D:6      | Identified the +9 flail of Doblureg {crush, rPois} (You
                  | found it on level 6 of the Dungeon)
  6487 | D:6      | Found a shattered altar of Ashenzari.
  7146 | D:7      | Reached skill level 10 in Spellcasting
  7417 | D:7      | Found a sand-covered staircase.
  7426 | Ossuary  | Entered an ossuary
  8513 | D:7      | Found a staircase to the Ecumenical Temple.
  8530 | Temple   | Entered the Ecumenical Temple
  8674 | Temple   | Became a worshipper of Vehumet
  8852 | D:7      | Found an iron altar of Okawaru.
  9474 | D:8      | Reached skill level 11 in Spellcasting
  9484 | D:8      | Reached XP level 10. HP: 52/52 MP: 17/27
  9946 | D:8      | Found a runed translucent gate.
  9946 | D:8      | Found a runed translucent gate.
  9946 | D:8      | Found a runed translucent gate.
  9948 | D:8      | Found a viscous altar of Jiyva.
  9948 | D:8      | Noticed DavidChitty2's ghost (novice HOFi)
 10078 | D:8      | Noticed a cyclops
 10085 | D:8      | Killed a cyclops
 10085 | D:8      | Reached skill level 10 in Fire Magic
 10443 | D:8      | Noticed Maurice
 10448 | D:8      | Killed Maurice
 10448 | D:8      | Reached skill level 12 in Spellcasting
 10680 | D:8      | Reached * piety under Vehumet
 10680 | D:8      | Offered knowledge of Magic Dart by Vehumet.
 10729 | D:8      | Found a sacrificial altar of Ru.
 10911 | D:9      | Noticed a two-headed ogre
 11142 | D:9      | Killed a two-headed ogre
 11142 | D:9      | Reached skill level 5 in Dodging
 11142 | D:9      | Reached skill level 5 in Stealth
 11526 | D:9      | Reached XP level 11. HP: 48/57 MP: 25/29
 11881 | D:10     | Entered Level 10 of the Dungeon
 11931 | D:10     | Noticed Urug
 11934 | D:10     | Killed Urug
 12298 | D:10     | Offered knowledge of Throw Frost by Vehumet.
 12320 | D:10     | Reached ** piety under Vehumet
 12488 | D:10     | Reached skill level 13 in Spellcasting
 13241 | D:11     | Offered knowledge of Mephitic Cloud by Vehumet.
 13397 | D:11     | Reached *** piety under Vehumet
 13537 | D:11     | Reached skill level 10 in Conjurations
 13603 | D:11     | Found a staircase to the Orcish Mines.
 13635 | D:11     | Noticed Snorg
 13646 | D:11     | Demolished by Snorg

Levels and vault maps discovered:
D:1:      dpeg_arrival_arbitrary_a, layout_loops_ring
D:2:      cheibrodos_helix_gallery, layout_basic, lemuel_crystal_altar,
          grunt_temple_overflow_open,
          chequers_temple_overflow_statue_of_worship,
          chequers_ecumenical_altar_grove, uniq_natasha
D:3:      minmay_bubble_buster, layout_basic, ebering_ghost_reflecting_pool,
          minmay_misc_feat_four_crosses
D:4:      layout_gridville, first_ration, uniq_eustachio
D:5:      layout_loops_cross, kiku_gazebo_garden_becter, cheibriados_altar_1,
          uniq_prince_ribbit1, uniq_pikel, uniq_edmund
D:6:      cheibrodos_quashed, layout_loops_cross, cheibrodos_ashenzari_chains
D:7:      layout_rooms, marbit_many_paths, minmay_temple_entry_waves,
          gup_ossuary_entry_pyramid
D:8:      minmay_inner_zag, layout_basic, gammafunk_ghost_ooze,
          hangedman_pestilent_swarm, nicolae_ru_sacrificial_ziggurat,
          uniq_maurice
D:9:      corexii_shack_village, layout_rooms, serial_corexii_hall,
          chequers_hall_statues_y, corexii_hall_statues_i,
          chequers_hall_statues_y, chequers_hall_statues_corner_a
D:10:     layout_loops_ring, uniq_urug
D:11:     layout_basic, minmay_lair_entry_grove, zombieorc2_lemuel, uniq_fannar,
          uniq_snorg
Temple:   oiseaux_autumnal_temple

Skill      XL: |  1  2  3  4  5  6  7  8  9 10 11 |
---------------+----------------------------------+-----
Fire Magic     | 4 5 6 7 8 9 10 11 | 11.3
Spellcasting   | 4 5 7 9 11 12 13 | 13.5
Stealth        | 3 4 5 |  5.2
Conjurations   | 2 3 4 5 7 9 10 | 10.1
Fighting       | 1 2 |  2.2
Dodging        | 3 4 5 |  5.7

Action                   |  1- 3 |  4- 6 |  7- 9 | 10-12 || total
-------------------------+-------+-------+-------+-------++-------
Melee: Flail             |       |       |       |    18 ||    18
 Cast: Flame Tongue      |    47 |   147 |   291 |   178 ||   663
       Sticky Flame      |       |     4 |    35 |    37 ||    76
       Conjure Flame     |       |     4 |     4 |     5 ||    13
       Fireball          |       |       |     4 |    40 ||    44
       Throw Flame       |       |       |       |     3 ||     3
  Use: Scroll            |       |       |    15 |     5 ||    20
  Eat: Chunk             |     1 |     8 |    11 |    11 ||    31
       Ration            |       |       |     2 |     2 ||     4
Armor: Robe              |     2 |     6 |    13 |    18 ||    39
Dodge: Dodged            |     6 |    14 |    54 |    85 ||   159
Block: Other             |       |       |     5 |    14 ||    19
       Reflection        |       |       |     1 |     2 ||     3

Table legend:
 A = Non-vault XP
 B = Vault XP
 C = Vault XP percentage of total XP
 D = Non-vault monster count
 E = Vault monster count
 F = Vault count percentage of total count
                 A         B        C        D         E       F
            +---------+---------+-------+---------+---------+-------
      Total |    9842 |    6196 |  38.6 |     241 |     100 |  29.3
            +---------+---------+-------+---------+---------+-------
        D:1 |      37 |       0 |   0.0 |      19 |       0 |   0.0
        D:2 |     213 |      38 |  15.1 |      33 |       3 |   8.3
        D:3 |     113 |     153 |  57.5 |      33 |      12 |  26.7
        D:4 |      78 |     202 |  72.1 |      17 |       1 |   5.6
        D:5 |     749 |    1033 |  58.0 |      15 |       3 |  16.7
        D:6 |     509 |       0 |   0.0 |      19 |       0 |   0.0
        D:7 |    1197 |      18 |   1.5 |      25 |       2 |   7.4
        D:8 |    1650 |    2210 |  57.3 |      29 |       8 |  21.6
        D:9 |    2670 |      10 |   0.4 |      18 |       4 |  18.2
       D:10 |    1701 |     835 |  32.9 |      22 |       1 |   4.3
       D:11 |     925 |    1302 |  58.5 |      11 |      29 |  72.5
    Ossuary |       0 |     395 | 100.0 |       0 |      37 | 100.0
            +---------+---------+-------+---------+---------+-------
